Map: [ESL] Alcyone

Players

Clem - Winner!

  • Race: Terran Terran
  • Spawn Location: 1:00

GuMiho

  • Race: Terran Terran
  • Spawn Location: 7:00

Event: ESL Spring 2024 Finals

VOD

Have the link to the VOD?

Description

Time

  • Played on: June 1, 2024, 12:42 p.m.
  • Length: 8:10

All games in this series

Show
View Real Time Build Order
Export as new Build Order

Clem Terran - Winner!

Build Orders:  

Get SALT Encoding   

  12  0:00  SCV  
  13  0:13  Supply Depot  
  13  0:18  SCV  
  14  0:35  Barracks  
  14  0:40  Refinery  
  14  0:54  Barracks  
  14  0:58  SCV  
  15  1:10  SCV  
  16  1:24  Orbital Command  
  16  1:25  Reaper  
  17  1:32  Refinery  
  17  1:42  Reaper  
  18  1:47  Supply Depot  
  18  1:51  SCV  
  19  1:58  Reaper  
  20  2:04  SCV  
  21  2:14  Reaper  
  22  2:16  SCV  
  23  2:27  Factory  
  23  2:28  SCV  
  25  2:37  Reaper  
  25  2:41  SCV  
  26  2:51  Reaper  
  27  2:53  SCV  
  28  3:05  SCV  
  27  3:11  Cyclone  
  30  3:18  Command Center  
  30  3:22  SCV  
  31  3:37  Supply Depot  
  31  3:38  SCV  
  31  3:39  Starport  
  30  3:50  SCV  
  31  3:58  Cyclone  
  31  4:02  SCV  
  34  4:14  SCV  
  34  4:19  Command Center  
  34  4:20  Starport Tech Lab  
  33  4:26  SCV  
  33  4:27  Refinery  
  33  4:30  Orbital Command  
  34  4:32  Factory Tech Lab  
  34  4:38  SCV  
  34  4:40  Raven  
  37  4:50  SCV  
  37  4:51  Siege Tank  
  41  4:57  SCV  
  41  4:58  Supply Depot  
  42  5:01  Barracks Tech Lab  
  42  5:03  SCV  
  42  5:08  Barracks Reactor  
  42  5:09  SCV  
  41  5:14  Raven, Interference Matrix  
  41  5:15  SCV  
  41  5:20  Marine  
  45  5:21  SCV  
  45  5:23  Stimpack  
  45  5:27  SCV  
  47  5:33  SCV  
  47  5:35  Siege Tank  
  51  5:37  Orbital Command  
  51  5:38  Marine  
  51  5:39  SCV  
  53  5:44  Barracks  
  53  5:45  SCV, Marine  
  53  5:46  Marine  
  56  5:52  SCV  
  56  5:56  Marine  
  57  5:58  SCV  
  57  6:00  Raven  
  57  6:02  Refinery  
  57  6:03  Marine  
  61  6:06  Marine  
  61  6:07  Supply Depot, SCV  
  61  6:08  SCV  
  64  6:13  Siege Tank  
  64  6:14  SCV  
  64  6:18  Supply Depot  
  69  6:19  SCV  
  69  6:21  SCV  
  69  6:23  Marine  
  69  6:25  Marine  
  73  6:26  SCV  
  73  6:28  Engineering Bay  
  73  6:31  SCV, Engineering Bay  
  73  6:32  Marine  
  76  6:36  Orbital Command  
  76  6:37  Barracks Reactor  
  76  6:41  Starport Reactor, Marine  
  76  6:42  SCV  
  76  6:43  Marine  
  76  6:45  SCV  
  79  6:47  Siege Tank  
  79  6:50  Supply Depot, Marine  
  82  6:55  SCV  
  82  6:58  SCV  
  82  6:59  Marine  
  82  7:00  Marine  
  86  7:03  Supply Depot  
  86  7:07  SCV, Marine  
  86  7:08  SCV  
  89  7:10  SCV  
  89  7:13  Supply Depot  
  90  7:16  Marine x2  
  90  7:17  Marine  
  90  7:18  Marine  
  90  7:19  SCV  
  90  7:20  Medivac  
  97  7:23  Medivac  
  97  7:24  SCV  
  97  7:25  SCV  
  97  7:28  Marine  
  97  7:29  Supply Depot  
  102  7:31  SCV  
  102  7:36  SCV, Refinery x2  
  104  7:43  Marine  
  106  7:46  Marine x3  
  106  7:52  Barracks  
  106  7:54  SCV  
  106  7:56  SCV, Barracks  
  106  7:57  SCV  
Show
View Real Time Build Order
Export as new Build Order

GuMiho Terran 

Build Orders:  

Get SALT Encoding   

  12  0:00  SCV  
  13  0:12  SCV  
  14  0:16  Supply Depot  
  14  0:24  SCV  
  14  0:27  Refinery  
  15  0:38  SCV  
  16  0:44  Barracks  
  16  0:50  SCV  
  17  1:02  SCV  
  18  1:14  SCV  
  19  1:30  Orbital Command  
  19  1:31  Supply Depot, Marine, Factory  
  20  1:49  Reaper  
  21  1:56  SCV  
  22  2:05  Command Center  
  22  2:08  SCV  
  23  2:14  Hellion  
  25  2:20  SCV  
  25  2:21  Reaper  
  26  2:31  Supply Depot  
  26  2:32  SCV  
  26  2:36  Hellion  
  28  2:44  SCV  
  29  2:57  Hellion  
  28  3:03  SCV  
  28  3:07  Refinery  
  28  3:08  Marine  
  29  3:15  SCV, Starport  
  29  3:19  Hellion  
  32  3:28  Marine  
  31  3:34  Orbital Command  
  31  3:36  SCV  
  31  3:40  Hellion  
  34  3:48  SCV  
  35  3:52  Barracks Reactor  
  35  3:54  Viking  
  37  4:00  Command Center  
  37  4:08  Cyclone  
  33  4:18  SCV x2  
  32  4:26  Medivac  
  32  4:30  SCV x2, Marine x2  
  36  4:41  Factory Tech Lab  
  36  4:42  SCV x2  
  38  4:48  Marine x2  
  40  4:54  SCV x2  
  40  4:56  Supply Depot  
  42  5:13  SCV x2, Siege Tank  
  45  5:15  Orbital Command  
  45  5:21  Starport Tech Lab  
  45  5:22  Marine x2, Refinery  
  45  5:23  Refinery  
  45  5:25  SCV x2  
  49  5:36  Supply Depot  
  49  5:37  SCV x2  
  49  5:40  Marine x2  
  49  5:41  Raven, SCV  
  56  5:45  Siege Tank  
  56  5:49  SCV x2  
  61  5:54  SCV  
  62  5:58  Marine x2  
  62  6:01  SCV x2  
  66  6:05  Engineering Bay  
  66  6:06  Engineering Bay  
  66  6:11  Orbital Command, Barracks x2  
  66  6:13  SCV  
  66  6:15  SCV  
  68  6:22  Barracks  
  68  6:23  Barracks  
  68  6:25  Siege Tank, SCV  
  71  6:26  Starport Reactor  
  71  6:27  SCV  
  73  6:35  Supply Depot, Marine  
  73  6:36  Supply Depot  
  73  6:38  SCV  
  73  6:39  SCV  
  76  6:42  SCV  
  77  6:50  SCV  
  78  6:54  SCV  
  78  6:55  SCV  
  80  7:02  SCV  
  80  7:05  Siege Tank  
  80  7:06  SCV  
  80  7:07  SCV  
  86  7:10  Barracks Reactor x3  
  86  7:11  Supply Depot  
  86  7:14  SCV  
  87  7:18  SCV  
  87  7:19  SCV  
  87  7:20  Marine x2  
  91  7:26  SCV  
  91  7:28  Marine  
  93  7:32  SCV x2  
  95  7:38  SCV, Marine x2  
  95  7:39  Supply Depot  
  95  7:40  Supply Depot  
  97  7:47  Marine x2  
  97  7:51  Marine x2  
  92  7:55  SCV x2  
  92  7:56  SCV  
  102  7:59  Starport Reactor  
Tags
 
Add a new tag
Caveats
  • Supply blocks, unpowered buildings, or Contaminate may cause inaccurate times.
  • Supply counts are checked every 10 seconds.